 Dungeon Crawl Stone Soup version 0.31-a0-806-g0bc164a743 (webtiles) character file.

Game seed: 7133595786392063130

9315 Shayle the Ogre Mage (level 11, -11/115 HPs)
             Began as an Ogre Hexslinger on Sept 20, 2023.
             Was a Believer of the Shining One.
             Mangled by a komodo dragon (26 damage)
             ... on level 1 of the Lair of Beasts.
             The game lasted 00:28:17 (10250 turns).

Shayle the Ogre Mage (Ogre Hexslinger)             Turns: 10250, Time: 00:28:18

Health: -11/115    AC: 12    Str: 10    XL:     11   Next: 44%
Magic:  25/25      EV:  5    Int: 27    God:    the Shining One [**....]
Gold:   662        SH: 16    Dex: 11    Spells: 30/30 levels left

rFire   + + .        r - +9 dagger "Xaumibed" {freeze, *Rage rPois Int+5}
rCold   + . .        h - +3 tower shield of Ashenzari's Supremacy {Rampage rF++ Str-4 Int+4}
rNeg    + . .        y - +2 robe {rC+}
rPois   +            e - +2 hat {Will+}
rElec   .            A - +0 cloak
rCorr   .            (gloves unavailable)
SInv    .            (boots unavailable)
Will    ++...        (no amulet)
Stlth   +            w - +4 ring of protection
HPRegen 0.39/turn    (no ring)
MPRegen 0.19/turn

%: random rage (20%), rampage
@: slowed, glowing, very slow
A: large, unfitting armour, tough skin 1
a: Renounce Religion, Divine Shield


You were on level 1 of the Lair of Beasts.
You worshipped the Shining One.
The Shining One was pleased with you.
You visited 3 branches of the dungeon, and saw 11 of its levels.

You collected 662 gold pieces.

Inventory:

Hand Weapons
 m - a +4 dagger
 r - the +9 dagger "Xaumibed" (weapon) {freeze, *Rage rPois Int+5}
   (You found it on level 2 of the Dungeon)

   Int+5:     It affects your intelligence (+5).
   rPois:     It protects you from poison *Rage: It berserks you when you make
   melee attacks (+20% chance).
 s - a +3 whip of flaming
 t - a +2 falchion of draining
 v - a +6 flail of venom
Missiles
 b - a throwing net
 n - 4 curare-tipped darts
 L - 5 silver javelins
Armour
 e - a +2 hat of willpower (worn)
 h - the +3 tower shield of Ashenzari's Supremacy (worn) {Rampage rF++ Str-4 Int+4}
   (You acquired it on level 6 of the Dungeon)

   Str-4:     It affects your strength (-4).
   Int+4:     It affects your intelligence (+4).
   rF++:      It greatly protects you from fire.
   Rampage:   It bestows one free step when moving towards enemies.
 x - a scarf of resistance
 y - a +2 robe of cold resistance (worn)
 A - a +0 cloak (worn)
Jewellery
 w - a +4 ring of protection (left hand)
 B - a ring of see invisible
Wands
 j - a wand of mindburst (16)
 F - a wand of acid (4)
 H - a wand of charming (3)
Scrolls
 f - 3 scrolls of revelation
 q - 3 scrolls of poison
 D - 3 scrolls of identify
 E - 2 scrolls of immolation {unknown}
 G - a scroll of amnesia
 I - 2 scrolls of vulnerability
 K - a scroll of silence {unknown}
Potions
 d - 3 potions of cancellation
 g - 3 potions of lignification
 k - 2 potions of attraction
 o - a potion of curing
 p - 3 potions of brilliance
 C - a potion of haste
 J - a potion of berserk rage {unknown}
 N - a potion of mutation {unknown}


   Skills:
 - Level 9.0 Fighting
 - Level 1.3 Ranged Weapons
 - Level 1.7 Dodging
 + Level 6.7 Shields
 + Level 10.3 Spellcasting
 - Level 2.6 Hexes
 + Level 8.6 Fire Magic
 + Level 7.1 Invocations


You had 30 spell levels left.
You didn't know any spells.
Your spell library contained the following spells:

 Spells                   Type           Power      Damage    Failure   Level
 Inner Flame              Hex/Fire       44%        N/A       22%         3
 Jinxbite                 Hex            56%        N/A       36%         2
 Ensorcelled Hibernation  Hex/Ice        42%        N/A       54%         2
 Sigil of Binding         Hex            28%        N/A       58%         3
 Cause Fear               Hex            14%        N/A       94%         4
 Anguish                  Hex/Necr       10%        N/A       99%         4
 Dimensional Bullseye     Hex/Tloc       10%        N/A       99%         4


Dungeon Overview and Level Annotations

Branches:
Dungeon (9/15)             Temple (1/1) D:6            Lair (1/5) D:8
    Orc (0/2) D:9

Altars:
Ashenzari
Cheibriados
Dithmenos
Elyvilon
Fedhas
Gozag
Hepliaklqana
Kikubaaqudgha
Nemelex Xobeh
Okawaru
Qazlal
Ru
Sif Muna
Trog
Uskayaw
Vehumet
Wu Jian
Xom
Yredelemnul
Zin
The Shining One

Annotations:
D:4 1 runed translucent door, Crazy Yiuf
D:8 1 runed translucent door, arvidsem's ghost, novice MiFi
Lair:1 3 runed translucent doors, Loveship's ghost, journeyman GrEE; Urug


Innate Abilities, Weirdness & Mutations

You are too large for most types of armour.
You have tough skin. (AC +1)


Message History

You block Urug's attack. The yak gores you. The yak gores your yak!
The cane toad stings you.
You hit the yak. You freeze the yak.
The yak is severely wounded.
You block the cane toad's attack.
Urug hits you from afar with a +3 heavy halberd!
The yak gores you. The yak gores your yak. The cane toad stings you!!
You are poisoned.
The cane toad poisons you!
Your yak gores the yak.
The yak gores you. The yak gores your yak.
Urug hits you from afar with a +3 heavy halberd!
The cane toad stings you.
You are lethally poisoned!
The cane toad poisons you!
Okay, then.
As you read the scroll of fear, it crumbles to dust.
You assume a fearsome visage.
Urug looks frightened!
The torpor snail looks frightened!
The yak looks frightened! x6
The komodo dragon resists with some effort.
The cane toad looks frightened!
* * * LOW HITPOINT WARNING * * *
You feel extremely sick.
Urug cries, "Meeeeep!"
Unknown command.
You feel better. The komodo dragon bites you!
* * * LOW HITPOINT WARNING * * *
The komodo dragon barely misses you.
Okay, then.
Okay, then.
Aiming: Charm
Press: ? - help, Shift-Dir - straight line, f - komodo dragon, p - yak
Aim: a komodo dragon (haloed, chance to affect: 31%)
The komodo dragon easily resists.
The komodo dragon bites you but does no damage.
Aiming: Charm
Press: ? - help, Shift-Dir - straight line, f/p - komodo dragon
Aim: a komodo dragon (haloed, chance to affect: 31%)
The komodo dragon easily resists.
The yak seems to regain its courage. x2
The komodo dragon bites you!!
You die...

...~......##..........P......##
#.........##..........P.......#
##........##..........#......##
#........#....#......#....†?#
####..............P##Y...<..#
###.#†.......................###.
.....†.#########......÷......#.#.
.......#.......#................#
.......#..?!![.#@l.....8...#...#.
.......#..#.#.W#.....#.Y...##.##.
...#...#.#...#F#......#......#...
.......#..#.#YF#..########.......
...#...#....SSl#.Y.# # #.#...8...
.. #...#.......#..##.###.........
#+++###o.Y..##..#.8...8.
.......w.Y..###.#.......
.........?..##......8...


You could see Urug (fleeing), a torpor snail (fleeing), a komodo dragon, 5 yaks,
2 blink frogs, 2 water moccasins, a wyvern, Loveship's ghost and a friendly yak
(charmed, slow).

Vanquished Creatures
  Gastronok (D:8)
  2 two-headed ogres (D:9)
  A rime drake (D:8)
  A cane toad (Lair:1)
  2 komodo dragons
  A troll (D:6)
  A wyvern (D:4)
  4 yaks
  A basilisk (Lair:1)
  Menkaure (D:7)
  2 steam dragons (D:9)
  A water moccasin (D:6)
  An acid dragon (D:9)
  An ice beast (D:7)
  Duvessa (D:4)
  An orc warrior (D:9)
  A sky beast (D:7)
  2 black bears (D:5)
  2 ogres
  4 centaurs
  7 kobold brigands
  8 bullfrogs
  A gnoll sergeant (D:8)
  3 scorpions
  5 wights
  Dowan (D:4)
  4 killer bees (D:7)
  3 howler monkeys (D:8)
  4 hounds
  A gnoll bouda (D:5)
  3 orc priests
  4 jellies
  2 sleepcaps
  An iguana (D:4)
  12 orc wizards
  25 gnolls
  9 adders
  A worm (D:3)
  34 orcs
  9 ball pythons
  8 endoplasms
  2 giant cockroaches
  14 goblins
  5 hobgoblins
  10 jackals
  27 kobolds
  3 quokkas
  6 bats
  6 frilled lizards
  5 rats
254 creatures vanquished.

Vanquished Creatures (collateral kills)
  A basilisk (Lair:1)
  2 water moccasins (Lair:1)
  A bullfrog (Lair:1)
4 creatures vanquished.

Vanquished Creatures (others)
  A kobold demonologist (D:8)
1 creature vanquished.

Grand Total: 259 creatures vanquished

Notes
Turn   | Place    | Note
-------+----------+-------------------------------------------
     0 | D:1      | Shayle the Ogre Hexslinger began the quest for the Orb.
     0 | D:1      | Reached XP level 1. HP: 19/19 MP: 2/2
    46 | D:1      | Reached skill level 1 in Fire Magic
    65 | D:1      | HP: 1/20 [jackal (2)]
    70 | D:1      | HP: 1/20 [jackal (1)]
   170 | D:1      | Reached XP level 2. HP: 28/28 MP: 4/4
   424 | D:1      | Reached skill level 2 in Spellcasting
   584 | D:1      | Reached XP level 3. HP: 28/36 MP: 6/6
   789 | D:2      | Found a sacrificial altar of Ru.
   945 | D:2      | Reached XP level 4. HP: 45/45 MP: 7/7
  1513 | D:2      | Identified the +9 dagger "Xaumibed" {freeze, *Rage rPois
                  | Int+5}
  1898 | D:3      | Found an ornate altar of the Wu Jian Council.
  1967 | D:3      | Found a hide-covered altar of Uskayaw.
  2448 | D:3      | Reached XP level 5. HP: 54/54 MP: 9/9
  2612 | D:3      | Reached skill level 3 in Spellcasting
  2909 | D:4      | Noticed a wyvern
  2922 | D:4      | Killed a wyvern
  2923 | D:4      | Reached XP level 6. HP: 35/63 MP: 9/11
  3167 | D:4      | Noticed Duvessa
  3168 | D:4      | Noticed Dowan
  3178 | D:4      | Killed Duvessa
  3179 | D:4      | Reached skill level 5 in Fighting
  3179 | D:4      | Reached skill level 4 in Spellcasting
  3187 | D:4      | Killed Dowan
  3345 | D:4      | Reached XP level 7. HP: 70/72 MP: 13/13
  3447 | D:4      | Found a runed translucent door.
  3448 | D:4      | Noticed Crazy Yiuf
  3487 | D:4      | Found a snail-covered altar of Cheibriados.
  3605 | D:4      | Reached skill level 5 in Spellcasting
  4061 | D:5      | Entered Level 5 of the Dungeon
  4217 | D:4      | Reached XP level 8. HP: 84/84 MP: 16/16
  4594 | D:5      | Reached skill level 6 in Spellcasting
  4608 | D:5      | Reached skill level 5 in Fire Magic
  5263 | D:6      | Found a sacrificial altar of Ru.
  5300 | D:6      | Found a basalt altar of Yredelemnul.
  5327 | D:6      | Reached skill level 7 in Spellcasting
  5327 | D:6      | Reached XP level 9. HP: 74/97 MP: 19/19
  5346 | D:6      | Identified a scroll of acquirement
  5346 | D:6      | Acquired the +3 tower shield of Ashenzari's Supremacy
                  | {Rampage rF++ Str-4 Int+4}
  5516 | D:6      | Noticed a troll
  5516 | D:6      | Found a staircase to the Ecumenical Temple.
  5527 | D:6      | Killed a troll
  5528 | D:6      | Reached skill level 1 in Shields
  5534 | Temple   | Entered the Ecumenical Temple
  5705 | Temple   | Became a worshipper of the Shining One
  5829 | D:6      | Reached skill level 1 in Invocations
  6359 | D:7      | Noticed Menkaure
  6368 | D:7      | Killed Menkaure
  6460 | D:7      | Reached skill level 8 in Spellcasting
  6966 | D:7      | Found a glowing silver altar of Zin.
  7001 | D:7      | Reached XP level 10. HP: 87/107 MP: 22/22
  7585 | D:8      | Found a runed translucent door.
  7587 | D:8      | Found a shimmering altar of Xom.
  7587 | D:8      | Noticed arvidsem's ghost (novice MiFi)
  7587 | D:8      | Noticed a +0 short sword of chaos
  7673 | D:8      | Found a staircase to the Lair.
  7933 | D:8      | Noticed Gastronok
  7958 | D:8      | Killed Gastronok
  7959 | D:8      | Reached skill level 9 in Spellcasting
  7959 | D:8      | Noticed a kobold demonologist
  7959 | D:8      | Reached * piety under the Shining One
  8024 | D:8      | Reached skill level 5 in Invocations
  8134 | D:8      | Reached skill level 5 in Shields
  8288 | D:8      | Found a bloodstained altar of Trog.
  8486 | D:9      | Noticed a two-headed ogre
  8685 | D:9      | Killed a two-headed ogre
  8860 | D:9      | Found a staircase to the Orcish Mines.
  8891 | D:9      | Found a sparkling altar of Nemelex Xobeh.
  8893 | D:9      | Found a radiant altar of Vehumet.
  8983 | D:9      | Noticed a two-headed ogre
  8992 | D:9      | Killed a two-headed ogre
  8993 | D:9      | Reached XP level 11. HP: 77/115 MP: 24/24
  9537 | Lair:1   | Entered Level 1 of the Lair of Beasts
  9614 | D:8      | Reached skill level 10 in Spellcasting
 10141 | Lair:1   | Noticed Urug
 10217 | Lair:1   | Noticed Loveship's ghost (journeyman GrEE)
 10225 | Lair:1   | Found a runed translucent gate.
 10225 | Lair:1   | Found a runed translucent gate.
 10225 | Lair:1   | Found a runed translucent gate.
 10234 | Lair:1   | Reached ** piety under the Shining One
 10250 | Lair:1   | Mangled by a komodo dragon

Illustrated notes

Levels and vault maps discovered:
D:1:      eino_arrival_cavern_b, layout_basic, minmay_pentomino_x2
D:2:      layout_loops_ring, basic_altar, nicolae_grassy_gnolls
D:3:      kb_forest_paths, layout_basic, mainiacjoe_overflow_alcove_2,
          mainiacjoe_overflow_surrounded_room, minmay_misc_feat_tower,
          st_stairs_12, hangedman_decor_growths
D:4:      layout_cave_pods, lemuel_tele_altar, kennysheep_generic_room_16,
          uniq_duvessa, uniq_crazy_yiuf_cottage
D:5:      layout_loops_cross, nicolae_half_adder
D:6:      layout_basic, lemuel_round_altar, lemuel_crystal_altar,
          minmay_temple_entry_junction
D:7:      layout_basic, zin_treasury, uniq_menkaure
D:8:      layout_loops_corners, nicolae_overflow_hidden_temple,
          lair_entry_dummy, ebering_ghost_xom, uniq_gastronok
D:9:      layout_roguey, mainiacjoe_overflow_catwalk_spiral, hiddenorc1_lemuel
Temple:   hellmonk_temple_two_chambers
Lair:1:   layout_regular_city, gammafunk_ghost_split, grunt_megastairs_4,
          infiniplex_staircase_pool_2, uniq_urug

Skill      XL: |  1  2  3  4  5  6  7  8  9 10 11 |
---------------+----------------------------------+-----
Fire Magic     | 1 2 3 4 5 6 8 |  8.6
Fighting       | 2 3 4 5 6 8 9 |  9.0
Spellcasting   | 2 3 4 5 7 8 9 10 | 10.3
Shields        | 3 5 6 |  6.7
Invocations    | 3 6 7 |  7.1
Ranged Weapons | |  1.3
Dodging        | |  1.7
Hexes          | |  2.6

Action                     |  1- 3 |  4- 6 |  7- 9 | 10-12 || total
---------------------------+-------+-------+-------+-------++-------
  Melee: Dagger            |       |    89 |   299 |   241 ||   629
         Punch             |       |     1 |     2 |       ||     3
   Fire: Sling             |   119 |    18 |       |       ||   137
 Invoke: Divine Shield     |       |       |       |     1 ||     1
  Evoke: Wand              |       |       |       |     9 ||     9
    Use: Potion            |     2 |       |     1 |     6 ||     9
         Scroll            |     1 |       |    11 |     9 ||    21
 Armour: Robe              |    73 |    68 |   351 |   269 ||   761
  Dodge: Dodged            |    59 |    44 |   123 |    44 ||   270
  Block: Tower shield      |       |       |   149 |   274 ||   423

Table legend: (Time is in decaauts)
 A = Elapsed time spent in this place.
 B = Non-inter-level travel time spent in this place.
 C = Inter-level travel time spent in this place.
 D = Time resting spent in this place.
 E = Time spent auto-exploring this place.
 F = Levels seen in this place.
 G = Mean time per level.
                   A        B        C        D        E       F      G
               +--------+--------+--------+--------+--------+-----+--------+
         Total |  11087 |  10515 |    572 |   1812 |   6009 |  11 | 1007.9 |
       Dungeon |  10448 |   9881 |    567 |   1588 |   5856 |   9 | 1160.9 |
        Temple |    188 |    184 |      4 |    163 |      0 |   1 |  188.0 |
          Lair |    450 |    450 |      0 |     61 |    153 |   1 |  450.0 |
               +--------+--------+--------+--------+--------+-----+--------+

Top non-repeatable levels by time:
     D:8: 1957 daAuts
     D:4: 1579 daAuts
     D:5: 1247 daAuts
     D:3: 1145 daAuts
     D:7: 1060 daAuts
     D:9: 986 daAuts
     D:2: 974 daAuts
     D:6: 756 daAuts
     D:1: 740 daAuts
  Lair:1: 450 daAuts
  Temple: 188 daAuts
